 Dungeon Crawl Stone Soup version 0.22-a0-348-gd16d139 (webtiles) character file.

258067 xccam the Warrior (level 19, -16/157 HPs)
             Began as a Gnoll Wanderer on Apr 8, 2018.
             Was a High Priest of Cheibriados.
             Killed from afar by a fire giant (50 damage)
             ... with a bolt of fire
             ... on level 1 of the Depths.
             The game lasted 01:55:09 (34119 turns).

xccam the Warrior (Gnoll Wanderer)                 Turns: 34119, Time: 01:55:10

Health: -16/157    AC: 30    Str: 30    XL:     19   Next: 86%
Magic:  30/35      EV: 18    Int: 26    God:    Cheibriados [*****.]
Gold:   2319       SH: 27    Dex: 29    Spells: 35/43 levels left

rFire    . . .     SeeInvis +   y - +7 broad axe (chop)
rCold    . . .     Gourm    .   j - +5 large shield {reflect}
rNeg     . . .     Faith    .   Y - +8 plate armour {ponderous}
rPois    +         Spirit   .   D - +0 helmet
rElec    .         Reflect  +   K - scarf {cloud immunity}
rCorr    .         Harm     .   G - +2 pair of gloves
MR       +....                  H - +0 pair of boots
Stlth    ++........             I - amulet of regeneration
HPRegen  0.76/turn              Z - ring of poison resistance
MPRegen  0.24/turn              k - ring of see invisible

@: very slow
A: distributed training, fangs 1, strong nose
}: 2/15 runes: decaying, serpentine
a: Bend Time, Temporal Distortion, Slouch, Step From Time, Renounce Religion


You were on level 1 of the Depths.
You worshipped Cheibriados.
Cheibriados was extremely pleased with you.
You were not hungry.

You visited 7 branches of the dungeon, and saw 33 of its levels.
You also visited: Ossuary.

You collected 3469 gold pieces.
You spent 1150 gold pieces at shops.

Inventory:

Hand Weapons
 s - the +3 Elemental Staff {rElec rF++ rC++ MR++ AC+5}
   (You found it on level 2 of the Swamp)

   It affects your AC (+5).
   It greatly protects you from fire.
   It greatly protects you from cold.
   It insulates you from electricity.
   It affects your resistance to hostile enchantments.
 y - a +7 broad axe of chopping (weapon)
 E - the +9 spear of Blind Justice {protect, -Tele Dex+9 SInv}
   (You found it on level 6 of the Dungeon)

   It protects the one who uses it against injury (+AC on strike).
   It affects your dexterity (+9).
   It lets you see invisible.
   It prevents most forms of teleportation.
Missiles
 l - 235 bolts
Armour
 j - a +5 large shield of reflection (worn)
 D - a +0 helmet (worn)
 G - a +2 pair of gloves (worn)
 H - a +0 pair of boots (worn)
 K - a scarf of cloud immunity (worn)
 Y - a +8 plate armour of ponderousness (worn)
Jewellery
 c - an uncursed ring of protection from magic
 k - a ring of see invisible (right hand)
 v - an uncursed ring of positive energy
 B - a +2 amulet of reflection
 C - a +2 ring of evasion
 I - an amulet of regeneration (around neck)
 J - a +3 ring of dexterity {unknown}
 Q - the ring "Zauhegi" {*Tele +Fly rPois Stlth-}
   (You bought it in a shop on level 5 of the Dungeon)

   [ring of teleportation]

   It may teleport you next to monsters.
   It protects you from poison.
   It lets you fly.
   It makes you less stealthy.
 V - an uncursed ring of flight
 Z - a ring of poison resistance (left hand)
Wands
 d - a wand of disintegration (25)
 q - a wand of paralysis (24)
 r - a wand of digging (19)
 u - a wand of iceblast (10)
 x - a wand of polymorph (25)
 z - a wand of flame (90)
 R - a wand of clouds (7)
 X - a wand of scattershot (4)
Scrolls
 g - 18 scrolls of teleportation
 h - 4 scrolls of blinking
 n - 4 scrolls of fog
 p - 2 scrolls of fear
 t - 7 scrolls of immolation
 w - 12 scrolls of remove curse
 L - 6 scrolls of magic mapping
 P - a scroll of holy word
 S - 8 scrolls of identify
 U - a scroll of summoning
 W - 2 scrolls of enchant armour
Potions
 a - 12 potions of curing
 b - 3 potions of lignification
 e - 2 potions of heal wounds
 i - 6 potions of might
 o - 3 potions of magic
 A - 3 potions of agility
 F - 4 potions of cancellation
 M - 5 potions of flight
 N - 3 potions of resistance
 O - 2 potions of mutation
Comestibles
 f - 61 rations


   Skills:
 + Level 15.7 Fighting
 + Level 13.5 Short Blades
 + Level 12.8 Long Blades
 + Level 12.8 Axes
 + Level 12.8 Maces & Flails
 + Level 12.8 Polearms
 + Level 13.1 Staves
 + Level 12.8 Slings
 + Level 12.8 Bows
 + Level 12.8 Crossbows
 + Level 13.1 Throwing
 + Level 12.8 Armour
 + Level 12.8 Dodging
 + Level 12.8 Stealth
 + Level 12.8 Shields
 + Level 12.8 Unarmed Combat
 + Level 12.8 Spellcasting
 + Level 11.0 Conjurations
 + Level 11.0 Hexes
 + Level 11.0 Charms
 + Level 11.0 Summonings
 + Level 11.0 Necromancy
 + Level 11.0 Translocations
 + Level 11.0 Transmutations
 + Level 11.0 Fire Magic
 + Level 11.0 Ice Magic
 + Level 11.0 Air Magic
 + Level 11.0 Earth Magic
 + Level 11.0 Poison Magic
 + Level 13.8 Invocations
 + Level 13.1 Evocations


You had 35 spell levels left.
You knew the following spells:

 Your Spells              Type           Power        Failure   Level  Hunger
a - Mephitic Cloud        Conj/Pois/Air  ######..     3%          3    None
b - Aura of Abjuration    Summ           ######....   28%         5    ###....


Dungeon Overview and Level Annotations

Branches:
Dungeon (15/15)            Temple (1/1) D:5            Lair (6/6) D:9
  Swamp (4/4) Lair:2        Snake (4/4) Lair:2        Slime (0/5) Lair:6
    Orc (2/2) D:9             Elf (0/3) Orc:2        Vaults (0/5) D:14
 Depths (1/5) D:15

Altars:
Ashenzari
Cheibriados
Dithmenos
Elyvilon
Gozag
Hepliaklqana
Kikubaaqudgha
Makhleb
Nemelex Xobeh
Okawaru
Qazlal
Ru
Trog
Uskayaw
Vehumet
Wu Jian
Xom
Yredelemnul
Zin
The Shining One
Jiyva

Shops:
D:5 =   D:15 !%[*   Orc:2 ?:*}   Depths:1 ((

Portals:
Trove: D:15 (give 19 scrolls of identify)


Innate Abilities, Weirdness & Mutations

Your experience applies equally to all skills.
You have very sharp teeth.
Your uncanny sense of smell can sniff out nearby items.


Message History

You bite the fire giant, but do no damage.
The fire giant is severely wounded.
The fire giant hits you with a great sword of flaming!
* * * LOW HITPOINT WARNING * * *
The fire giant burns you.
* * * LOW HITPOINT WARNING * * *
You can feel time thicken for a moment.
You feel somewhat more hungry.
Cheibriados lowers the support of your attributes as your movement quickens.
The fire giant gestures at you while chanting.
The bolt of fire misses you.
Unknown command.
You slash the fire giant!
The fire giant is almost dead.
The fire giant closely misses you.
Unknown command.
You slash the fire giant!
The fire giant is almost dead.
The fire giant points at you and mumbles some strange words.
The bolt of fire hits you!
You die...

,,,,,*,,,,,,,,,,,,,*,,,,,,,,,,*≈≈
,,,,,..8.∩..#..∩.8..,,,,,,,,,,*,,
,,,,*#.............#,##.,,,,,,*,*
,,,,**♣........$..♣*....,,,,,,*,*
,,,,***♣.........♣*#.≈≈≈,,,,,,*,*
,,,**,**♣......(♣*#..≈≈≈,,,,,,*,*
,,**#..#*♣..8..♣*#..≈≈≈≈,,,,,,*,*
*,......##♣...♣##...≈≈≈≈≈,,,,,*,*
###......#*#.###@)..≈≈≈≈≈,*,,,,,*
.....##..###.....C..≈≈≈≈≈,*,,**,*
....#**#?.#.........≈≈≈≈≈,,,,**,,
##..## #..#.........≈...,,,,,,,,,
(#...###............≈...,,,,,,,,,
##......................,,,,,,,,,
........##..............,,,,,,,,*
.(.)...###..............,,,,,,,,,
##.#...................,,,,,,,,,,


You could see a fire giant.

Vanquished Creatures
  Saint Roka (Orc:2)
  Rupert (Depths:1)
  Asterion (Depths:1)
  4 thorn hunters
  15 nagarajas
  A frost giant (shapeshifter) (D:15)
  A stone giant (Depths:1)
  2 vampire knights (Depths:1)
  Azrael (Snake:1)
  4 ettins
  Josephine (Orc:2)
  Fannar (Lair:3)
  A yaktaur captain (D:15)
  Harold (Lair:1)
  4 vault guards (D:14)
  23 hydras
  2 great orbs of eyes (Depths:1)
  An ice dragon (Depths:1)
  Erolcha (Orc:2)
  33 naga warriors
  4 centaur warriors
  The ghost of darksquall the Archer, a novice CeHu of Okawaru (D:11)
  Erica (D:8)
  2 deep troll earth magi (Depths:1)
  10 anacondas
  10 two-headed ogres
  7 alligators
  2 deep troll shamans (Depths:1)
  2 tengu warriors (D:15)
  An ogre mage (Depths:1)
  7 death yaks
  4 shock serpents
  5 orc high priests (Orc:2)
  21 naga sharpshooters
  3 hell knights (Depths:1)
  2 salamander mystics
  A sea snake (Snake:1)
  A wizard (D:14)
  2 spriggan druids (Swamp:4)
  10 swamp dragons
  A flayed ghost (Depths:1)
  3 shambling mangroves
  8 naga ritualists
  A deep troll (Depths:1)
  4 orc knights (Orc:2)
  4 lindwurms
  2 necromancers (Depths:1)
  8 mana vipers
  A cyclops (D:12)
  9 salamanders
  9 ugly things
  11 elephants
  Joseph (D:9)
  Maurice (D:8)
  18 naga magi
  35 black mambas
  12 guardian serpents
  16 spiny frogs
  4 kobold demonologists
  9 komodo dragons
  2 yaktaurs (Depths:1)
  A freezing wraith (D:15)
  5 trolls
  A tengu conjurer (D:15)
  A queen bee (D:10)
  12 tyrant leeches
  A queen bee (shapeshifter) (D:15)
  Prince Ribbit (D:8)
  Grinder (D:6)
  5 polar bears (Lair:6)
  16 hornets
  9 bog bodies
  8 blink frogs (Lair:6)
  36 slime creatures
  4 hippogriffs
  2 dream sheep
  A vampire (D:13)
  17 spriggans
  A shadow (Swamp:1)
  6 wraiths
  4 wyverns
  24 yaks
  2 fire elementals (Snake:1)
  2 basilisks (Lair:4)
  19 vampire mosquitoes
  2 hungry ghosts
  12 swamp worms
  5 wargs
  73 nagas
  An acid dragon (D:15)
  Menkaure (D:6)
  17 insubstantial wisps
  3 soldier ants
  The ghost of Gorglomux the Sneak, an amateur VSAs (D:3)
  Duvessa (D:7)
  14 porcupines
  12 water moccasins
  5 hell hounds (Snake:1)
  30 orc warriors
  6 swamp drakes
  5 sky beasts
  10 ice beasts
  46 wolves (Lair:6)
  13 ogres
  2 black bears (Lair:6)
  A phantom (D:10)
  3 boggarts (Lair:6)
  4 centaurs
  11 crocodiles
  6 big kobolds
  22 bullfrogs
  An elf zombie (Ossuary)
  A wyvern zombie (D:8)
  A wyvern skeleton (D:10)
  6 scorpions
  Dowan (D:7)
  13 killer bees (D:10)
  12 wights
  2 electric eels (Snake:1)
  4 howler monkeys
  2 lava snakes (D:8)
  2 centaur zombies
  14 crimson imps
  A quasit (D:12)
  A bullfrog zombie (D:5)
  5 jellies
  37 orc priests
  2 hounds
  7 centaur skeletons
  20 orc wizards
  3 bullfrog skeletons
  6 iguanas
  Ijyb (D:3)
  7 hell rats (Lair:4)
  9 worker ants
  3 big kobold zombies (Ossuary)
  A hound skeleton (D:5)
  2 hound zombies
  2 mummies (Ossuary)
  2 howler monkey zombies
  3 worker ant zombies
  13 adders
  9 shadow imps
  3 oozes
  An adder skeleton (D:5)
  A worm (D:3)
  2 dart slugs
  6 leopard geckos
  94 orcs
  4 ball pythons
  2 giant cockroaches (D:3)
  2 gnoll zombies (Ossuary)
  7 goblins
  6 hobgoblins
  14 jackals
  4 quokkas
  6 bats
  10 frilled lizards
  4 goblin zombies
  2 hobgoblin zombies
  18 kobolds
  4 kobold skeletons (D:9)
  A kobold zombie (D:9)
  A leopard gecko skeleton (D:4)
  An orc skeleton (D:9)
  4 orc zombies (Ossuary)
  A quokka skeleton (D:8)
  A quokka zombie (D:4)
  11 rats
  2 bushes
  A fungus (Lair:6)
  5 plants
1250 creatures vanquished.

Vanquished Creatures (collateral kills)
  A plant (Lair:2)
1 creature vanquished.

Vanquished Creatures (others)
  A nagaraja (Snake:2)
  4 naga sharpshooters
  2 naga magi (Snake:1)
  A yaktaur (Depths:1)
  A tengu conjurer (D:15)
  A spriggan (Swamp:4)
  A vampire mosquito (Swamp:3)
  2 nagas (Snake:4)
  A swamp drake (Lair:1)
  21 fungi
  39 plants
74 creatures vanquished.

Grand Total: 1325 creatures vanquished

Notes
Turn   | Place    | Note
-------+----------+-------------------------------------------
     0 | D:1      | Reached skill level 10 in Fighting
     0 | D:1      | xccam the Gnoll Wanderer began the quest for the Orb.
     0 | D:1      | xccam set off with: a +2 short sword, a potion of lignification, a wand of random effects (15), a +0 robe, a ration
     0 | D:1      | Reached XP level 1. HP: 28/28 MP: 2/2
   250 | D:1      | Reached XP level 2. HP: 32/36 MP: 3/3
   345 | D:1      | Reached XP level 3. HP: 21/42 MP: 4/4
  1151 | D:2      | Found a shattered altar of Ashenzari.
  1151 | D:2      | Found an opulent altar of Gozag.
  1190 | D:2      | Reached skill level 1 in Invocations
  1478 | D:2      | Reached skill level 1 in Long Blades
  1478 | D:2      | Reached skill level 1 in Axes
  1478 | D:2      | Reached skill level 1 in Maces & Flails
  1478 | D:2      | Reached skill level 1 in Polearms
  1478 | D:2      | Reached skill level 1 in Slings
  1478 | D:2      | Reached skill level 1 in Bows
  1478 | D:2      | Reached skill level 1 in Crossbows
  1478 | D:2      | Reached skill level 1 in Armour
  1478 | D:2      | Reached skill level 1 in Dodging
  1478 | D:2      | Reached skill level 1 in Stealth
  1478 | D:2      | Reached skill level 1 in Shields
  1478 | D:2      | Reached skill level 1 in Unarmed Combat
  1478 | D:2      | Reached skill level 1 in Spellcasting
  1708 | D:2      | Reached XP level 4. HP: 48/48 MP: 6/6
  1900 | D:3      | Noticed Gorglomux's ghost (amateur VSAs)
  1909 | D:3      | Killed Gorglomux's ghost
  1909 | D:3      | Reached skill level 1 in Conjurations
  1909 | D:3      | Reached skill level 1 in Hexes
  1909 | D:3      | Reached skill level 1 in Charms
  1909 | D:3      | Reached skill level 1 in Summonings
  1909 | D:3      | Reached skill level 1 in Necromancy
  1909 | D:3      | Reached skill level 1 in Translocations
  1909 | D:3      | Reached skill level 1 in Transmutations
  1909 | D:3      | Reached skill level 1 in Fire Magic
  1909 | D:3      | Reached skill level 1 in Ice Magic
  1909 | D:3      | Reached skill level 1 in Air Magic
  1909 | D:3      | Reached skill level 1 in Earth Magic
  1909 | D:3      | Reached skill level 1 in Poison Magic
  1909 | D:3      | Reached XP level 5. HP: 42/54 MP: 7/7
  2122 | D:3      | Reached XP level 6. HP: 49/61 MP: 8/8
  2671 | D:3      | Noticed Ijyb
  2690 | D:3      | Killed Ijyb
  2690 | D:3      | Reached skill level 5 in Short Blades
  2871 | D:4      | Found a transporter.
  2936 | D:4      | Found a transporter.
  3058 | D:4      | Found an ornate altar of the Wu Jian Council.
  3673 | D:4      | Reached XP level 7. HP: 67/67 MP: 10/10
  3708 | D:5      | Entered Level 5 of the Dungeon
  3737 | D:5      | Found a staircase to the Ecumenical Temple.
  3747 | Temple   | Entered the Ecumenical Temple
  3865 | Temple   | Became a worshipper of Cheibriados the Contemplative
  4225 | D:5      | Found Soiqor's Jewellery Shoppe.
  4272 | D:5      | Reached * piety under Cheibriados
  4416 | D:5      | Reached XP level 8. HP: 71/74 MP: 12/12
  4722 | D:6      | Noticed Grinder
  4756 | D:6      | Killed Grinder
  4763 | D:6      | Got a crude spear
  4764 | D:6      | Identified the +9 spear of Blind Justice {protect, -Tele Dex+9 SInv} (You found it on level 6 of the Dungeon)
  4881 | D:6      | Noticed Menkaure
  4884 | D:6      | Killed Menkaure
  4898 | D:6      | Reached skill level 11 in Fighting
  4898 | D:6      | Reached XP level 9. HP: 29/81 MP: 14/14
  4994 | D:6      | Found a sand-covered staircase.
  5006 | Ossuary  | Entered an ossuary
  5171 | Ossuary  | Reached ** piety under Cheibriados
  5517 | D:7      | Noticed Dowan
  5518 | D:7      | Noticed Duvessa
  5529 | D:7      | Killed Dowan
  5529 | D:7      | Reached skill level 5 in Staves
  5529 | D:7      | Reached skill level 5 in Throwing
  5529 | D:7      | Reached skill level 5 in Evocations
  5534 | D:7      | Killed Duvessa
  6588 | D:8      | Found a burning altar of Makhleb.
  6594 | D:8      | Reached skill level 5 in Invocations
  6619 | D:8      | Reached *** piety under Cheibriados
  6703 | D:8      | Reached XP level 10. HP: 79/88 MP: 15/17
  6973 | D:8      | Noticed Prince Ribbit
  6980 | D:8      | Killed Prince Ribbit
  7048 | D:8      | Noticed Maurice
  7059 | D:8      | Killed Maurice
  7059 | D:8      | Reached skill level 5 in Long Blades
  7059 | D:8      | Reached skill level 5 in Axes
  7059 | D:8      | Reached skill level 5 in Maces & Flails
  7059 | D:8      | Reached skill level 5 in Polearms
  7059 | D:8      | Reached skill level 5 in Slings
  7059 | D:8      | Reached skill level 5 in Bows
  7059 | D:8      | Reached skill level 5 in Crossbows
  7059 | D:8      | Reached skill level 5 in Armour
  7059 | D:8      | Reached skill level 5 in Dodging
  7059 | D:8      | Reached skill level 5 in Stealth
  7059 | D:8      | Reached skill level 5 in Shields
  7059 | D:8      | Reached skill level 5 in Unarmed Combat
  7059 | D:8      | Reached skill level 5 in Spellcasting
  7153 | D:8      | Noticed Erica
  7172 | D:8      | Killed Erica
  7479 | D:9      | Found a glowing golden altar of the Shining One.
  7531 | D:9      | Reached **** piety under Cheibriados
  7553 | D:9      | Found a staircase to the Orcish Mines.
  7773 | D:9      | Noticed a death yak
  7775 | D:9      | Noticed a death yak
  7781 | D:9      | Noticed a death yak
  7793 | D:9      | Killed a death yak
  7817 | D:9      | Killed a death yak
  7817 | D:9      | Reached XP level 11. HP: 41/95 MP: 19/19
  7827 | D:9      | Killed a death yak
  7912 | D:9      | Found a staircase to the Lair.
  7938 | D:9      | Reached skill level 5 in Conjurations
  7938 | D:9      | Reached skill level 5 in Hexes
  7938 | D:9      | Reached skill level 5 in Charms
  7938 | D:9      | Reached skill level 5 in Summonings
  7938 | D:9      | Reached skill level 5 in Necromancy
  7938 | D:9      | Reached skill level 5 in Translocations
  7938 | D:9      | Reached skill level 5 in Transmutations
  7938 | D:9      | Reached skill level 5 in Fire Magic
  7938 | D:9      | Reached skill level 5 in Ice Magic
  7938 | D:9      | Reached skill level 5 in Air Magic
  7938 | D:9      | Reached skill level 5 in Earth Magic
  7938 | D:9      | Reached skill level 5 in Poison Magic
  8153 | D:9      | Found a bloodstained altar of Trog.
  8153 | D:9      | Found a sparkling altar of Nemelex Xobeh.
  8153 | D:9      | Found a basalt altar of Yredelemnul.
  8153 | D:9      | Found a hide-covered altar of Uskayaw.
  8300 | D:9      | Noticed Joseph
  8310 | D:9      | Killed Joseph
  8432 | D:10     | Entered Level 10 of the Dungeon
  8472 | D:10     | Reached ***** piety under Cheibriados
  8851 | D:10     | Found a shadowy altar of Dithmenos.
  9133 | D:11     | Noticed a red ugly thing
  9148 | D:11     | Killed a red ugly thing
  9222 | D:11     | Noticed a two-headed ogre
  9234 | D:11     | Killed a two-headed ogre
  9234 | D:11     | Reached skill level 12 in Fighting
  9319 | D:11     | Noticed darksquall's ghost (novice CeHu)
  9338 | D:11     | Killed darksquall's ghost
  9931 | D:11     | Reached XP level 12. HP: 55/102 MP: 22/22
 10143 | D:12     | Noticed a two-headed ogre
 10153 | D:12     | Killed a two-headed ogre
 10384 | D:12     | Noticed a two-headed ogre
 10396 | D:12     | Killed a two-headed ogre
 10448 | D:12     | Reached ****** piety under Cheibriados
 10566 | D:12     | Noticed a two-headed ogre
 10589 | D:12     | Killed a two-headed ogre
 10968 | Lair:1   | Entered Level 1 of the Lair of Beasts
 11482 | Lair:1   | Noticed Harold
 11487 | Lair:1   | Reached XP level 13. HP: 100/109 MP: 24/24
 11500 | Lair:1   | Killed Harold
 11690 | D:5      | Bought the ring "Zauhegi" {*Tele +Fly rPois Stlth-} for 213 gold pieces
 11865 | Lair:1   | Found a shadowy altar of Dithmenos.
 12366 | Lair:2   | Found a staircase to the Snake Pit.
 12472 | Lair:2   | Identified a scroll of acquirement
 13163 | Lair:2   | Found a staircase to the Swamp.
 13673 | Lair:3   | Found the +7 great mace "Firestarter" {inner flame, rF++}
 13733 | Lair:3   | Noticed Fannar
 13752 | Lair:3   | Killed Fannar
 14331 | Lair:4   | Reached skill level 13 in Fighting
 14581 | Lair:4   | Reached XP level 14. HP: 71/118 MP: 26/26
 15378 | Lair:5   | Reached skill level 10 in Short Blades
 15625 | Lair:5   | Got a fine chain mail
 15626 | Lair:5   | Identified the cursed +1 chain mail "Ehapn" {*Slow rCorr Dex+4 SInv} (You found it on level 5 of the Lair of Beasts)
 16018 | Lair:6   | Entered Level 6 of the Lair of Beasts
 16362 | Lair:6   | Reached skill level 10 in Invocations
 16971 | Lair:6   | Found a viscous altar of Jiyva.
 16971 | Lair:6   | Found a staircase to the Slime Pits.
 18023 | D:13     | Reached XP level 15. HP: 124/124 MP: 28/28
 18458 | D:14     | Found a gate to the Vaults.
 18485 | D:14     | Reached skill level 10 in Staves
 18485 | D:14     | Reached skill level 10 in Throwing
 18485 | D:14     | Reached skill level 10 in Evocations
 18658 | D:14     | Got a dazzling hand axe
 18659 | D:14     | Identified the +8 hand axe of the Well-Known Orbs {chop, Int+5 Dex-3 Stlth+} (You found it on level 14 of the Dungeon)
 19199 | D:14     | Learned a level 3 spell: Mephitic Cloud
 19290 | D:15     | Entered Level 15 of the Dungeon
 19469 | D:15     | Found Fojuopsio's Food Emporium.
 19516 | D:15     | Found an opulent altar of Gozag.
 19597 | D:15     | Found Plog's Distillery.
 19752 | D:15     | Bought a potion of heal wounds for 60 gold pieces
 19752 | D:15     | Bought a potion of curing for 36 gold pieces
 19752 | D:15     | Bought a potion of curing for 36 gold pieces
 19752 | D:15     | Bought a potion of heal wounds for 60 gold pieces
 19752 | D:15     | Bought a potion of curing for 36 gold pieces
 19766 | D:15     | Found Lacvoa Hely's Antique Armour Boutique.
 19834 | D:15     | Found Roemuu's General Store.
 19875 | D:15     | Reached skill level 10 in Long Blades
 19875 | D:15     | Reached skill level 10 in Axes
 19875 | D:15     | Reached skill level 10 in Maces & Flails
 19875 | D:15     | Reached skill level 10 in Polearms
 19875 | D:15     | Reached skill level 10 in Slings
 19875 | D:15     | Reached skill level 10 in Bows
 19875 | D:15     | Reached skill level 10 in Crossbows
 19875 | D:15     | Reached skill level 10 in Armour
 19875 | D:15     | Reached skill level 10 in Dodging
 19875 | D:15     | Reached skill level 10 in Stealth
 19875 | D:15     | Reached skill level 10 in Shields
 19875 | D:15     | Reached skill level 10 in Unarmed Combat
 19875 | D:15     | Reached skill level 10 in Spellcasting
 19939 | D:15     | Found a staircase to the Depths.
 20005 | D:15     | Noticed a frost giant
 20017 | D:15     | Killed a frost giant
 20331 | D:15     | Found a portal to a secret trove of treasure.
 20498 | Orc:1    | Entered Level 1 of the Orcish Mines
 20531 | Orc:1    | Found an iron altar of Okawaru.
 20701 | Orc:2    | Entered Level 2 of the Orcish Mines
 20701 | Orc:2    | Noticed Erolcha
 20706 | Orc:2    | Killed Erolcha
 20984 | Orc:2    | Noticed Saint Roka
 21008 | Orc:2    | Killed Saint Roka
 21076 | Orc:2    | Found a staircase to the Elven Halls.
 21098 | Orc:2    | Noticed Josephine
 21107 | Orc:2    | Killed Josephine
 21162 | Orc:2    | Found a bloodstained altar of Trog.
 21381 | Orc:2    | Reached skill level 14 in Fighting
 21567 | Orc:2    | Reached XP level 16. HP: 130/133 MP: 30/30
 21751 | Orc:2    | Found Gewydyoch's Gadget Emporium.
 21751 | Orc:2    | Found Wiesucs's General Store.
 21752 | Orc:2    | Found Itiamp's Book Shoppe.
 21752 | Orc:2    | Found Umauf's Magic Scroll Emporium.
 22112 | Swamp:1  | Entered Level 1 of the Swamp
 23354 | Swamp:2  | Noticed a thorn hunter
 23384 | Swamp:2  | Killed a thorn hunter
 23557 | Swamp:2  | Found the +3 Elemental Staff {rElec rF++ rC++ MR++ AC+5}
 23923 | Swamp:3  | Noticed a thorn hunter
 23946 | Swamp:3  | Killed a thorn hunter
 24412 | Swamp:3  | Noticed a thorn hunter
 24434 | Swamp:3  | Killed a thorn hunter
 24845 | Swamp:4  | Entered Level 4 of the Swamp
 24890 | Swamp:4  | Noticed a thorn hunter
 24893 | Swamp:4  | Reached XP level 17. HP: 93/140 MP: 28/32
 25346 | Snake:1  | Entered Level 1 of the Snake Pit
 25633 | Snake:1  | Noticed Azrael
 25670 | Snake:1  | Killed Azrael
 25993 | Orc:2    | Bought a scroll of brand weapon for 260 gold pieces
 26003 | Orc:2    | Bought a scroll of enchant weapon for 120 gold pieces
 26004 | Orc:2    | Bought a scroll of enchant weapon for 97 gold pieces
 26220 | D:15     | Bought a glowing large shield for 232 gold pieces
 28806 | Snake:3  | Found a shattered altar of Ashenzari.
 28840 | Snake:3  | Reached skill level 10 in Conjurations
 28840 | Snake:3  | Reached skill level 10 in Hexes
 28840 | Snake:3  | Reached skill level 10 in Charms
 28840 | Snake:3  | Reached skill level 10 in Summonings
 28840 | Snake:3  | Reached skill level 10 in Necromancy
 28840 | Snake:3  | Reached skill level 10 in Translocations
 28840 | Snake:3  | Reached skill level 10 in Transmutations
 28840 | Snake:3  | Reached skill level 10 in Fire Magic
 28840 | Snake:3  | Reached skill level 10 in Ice Magic
 28840 | Snake:3  | Reached skill level 10 in Air Magic
 28840 | Snake:3  | Reached skill level 10 in Earth Magic
 28840 | Snake:3  | Reached skill level 10 in Poison Magic
 29010 | Snake:3  | Reached XP level 18. HP: 137/148 MP: 27/33
 29219 | Snake:3  | Reached skill level 15 in Fighting
 30056 | Swamp:4  | Found the +8 frozen axe "Frostbite" {freezing cloud, *Noise +Fly rC+}
 30129 | Swamp:4  | Got a decaying rune of Zot
 30356 | Swamp:4  | Learned a level 5 spell: Aura of Abjuration
 30793 | Snake:4  | Entered Level 4 of the Snake Pit
 32284 | Snake:4  | Reached XP level 19. HP: 120/155 MP: 35/35
 32790 | Snake:4  | Got a serpentine rune of Zot
 33620 | Depths:1 | Entered Level 1 of the Depths
 33628 | Depths:1 | Noticed Rupert
 33637 | Depths:1 | Killed Rupert
 33649 | Depths:1 | HP: 4/157 [deep troll earth mage simulacrum (27)]
 33853 | Depths:1 | Noticed Asterion
 33866 | Depths:1 | Paralysed by a vampire knight for 3 turns
 33877 | Depths:1 | Killed Asterion
 34053 | Depths:1 | Paralysed by a great orb of eyes for 3 turns
 34061 | Depths:1 | Paralysed by a great orb of eyes for 7 turns
 34102 | Depths:1 | Found Vagiz's Antique Weapon Boutique.
 34102 | Depths:1 | Found Buukahi's Antique Weapon Shop.
 34119 | Depths:1 | Killed from afar by a fire giant

Vault maps used:
D:1:      nzn_arrival_water_spiral, minmay_ruptured
D:2:      nicolae_overflow_hidden_temple, nrook_mini_backslash
D:3:      first_ration, st_stairs_3, uniq_ijyb
D:4:      gammafunk_wand_slinger, overflow_temple_1_default
D:5:      minmay_temple_entry_grid, serial_shops, shop, due_unseen_surprise
D:6:      nicolae_ossuary_entry_ruins, uniq_menkaure, uniq_grinder
D:7:      uniq_duvessa
D:8:      kennysheep_big_flooded_room, makhleb_grotto_becter,
          minmay_unpleasant_kobolds, uniq_prince_ribbit1, uniq_maurice,
          uniq_erica
D:9:      nicolae_tso_besieged_by_evil, minitemple, dpeg_lair_monsters,
          david_orc_2, uniq_joseph
D:10:     david_nohive_1, nicolae_dithmenos_through_a_glass_darkly
D:13:     grunt_ministairs_15, nrook_loot_triangle
D:14:     lightli_vaults_fourway_checkpoint, serial_park_square2, wad_dig_loot
D:15:     hangedman_depths_entry_civil_slaughter, hangedman_decor_points,
          nicolae_trove_entry_diagonal, serial_shops, shop_coins, shop, shop,
          shop, nicolae_gozag_seed_capital
Temple:   nicolae_temple_figure_eight
Lair:1:   basic_altar, pond, wad_woods_river_01, uniq_harold
Lair:2:   cheibrodos_lair_overgrown_chateau, minmay_swamp_entry_worms,
          dummy_snake_entry, grunt_megastairs_3
Lair:3:   uniq_fannar
Lair:4:   grunt_megastairs_4
Lair:5:   minivault_23, grunt_forest_stairs_basic, grunt_megastairs_1,
          lemuel_fruit_tree
Lair:6:   minmay_lair_end_enchanted_forest, dpeg_slime_entry_enclosed_altar,
          grunt_forest_large_clearings
Swamp:1:  hangedman_swamp_cone, nicolae_swamp_little_tower
Swamp:2:  hangedman_swamp_ruin_wall, infiniplex_staircase_pool
Swamp:3:  evilmike_swamp_ruin_house_5, infiniplex_staircase_pool_2
Swamp:4:  swamp_alternative
Snake:1:  hangedman_snake_corridor_cut, serial_bayou_shore_a,
          grunt_megastairs_2, uniq_azrael
Snake:2:  nicolae_snake_double_loop
Snake:3:  basic_altar
Snake:4:  grunt_snake_rune_spirals, st_stairs_1
Orc:1:    okawaru_metal_pillars_1_2
Orc:2:    st_orc_pillars, basic_altar, uniq_erolcha, uniq_saint_roka,
          uniq_josephine
Depths:1: hell_entry, infiniplex_enter_wizlab_spiral, abyss_entry,
          hangedman_abyss_or_decor_stabs, sword_in_stone, minmay_shoptagon
Ossuary:  minmay_ossuary_gauntlet

Skill      XL: |  1  2  3  4  5  6  7  8  9 10 11 12 13 14 15 16 17 18 19 |
---------------+----------------------------------------------------------+-----
Fighting       | 11 12 13 14 15 | 15.7
Invocations    | 1 2 3 4 5 6 7 8 9 10 11 12 13 | 13.8
Long Blades    | 1 2 3 4 5 6 7 8 9 10 11 12 | 12.8
Axes           | 1 2 3 4 5 6 7 8 9 10 11 12 | 12.8
Maces & Flails | 1 2 3 4 5 6 7 8 9 10 11 12 | 12.8
Polearms       | 1 2 3 4 5 6 7 8 9 10 11 12 | 12.8
Slings         | 1 2 3 4 5 6 7 8 9 10 11 12 | 12.8
Bows           | 1 2 3 4 5 6 7 8 9 10 11 12 | 12.8
Crossbows      | 1 2 3 4 5 6 7 8 9 10 11 12 | 12.8
Armour         | 1 2 3 4 5 6 7 8 9 10 11 12 | 12.8
Dodging        | 1 2 3 4 5 6 7 8 9 10 11 12 | 12.8
Stealth        | 1 2 3 4 5 6 7 8 9 10 11 12 | 12.8
Shields        | 1 2 3 4 5 6 7 8 9 10 11 12 | 12.8
Unarmed Combat | 1 2 3 4 5 6 7 8 9 10 11 12 | 12.8
Spellcasting   | 1 2 3 4 5 6 7 8 9 10 11 12 | 12.8
Staves         | 3 4 5 6 7 8 9 10 11 12 13 | 13.1
Throwing       | 3 4 5 6 7 8 9 10 11 12 13 | 13.1
Conjurations   | 1 2 3 4 5 6 7 8 9 10 11 | 11.0
Hexes          | 1 2 3 4 5 6 7 8 9 10 11 | 11.0
Charms         | 1 2 3 4 5 6 7 8 9 10 11 | 11.0
Summonings     | 1 2 3 4 5 6 7 8 9 10 11 | 11.0
Necromancy     | 1 2 3 4 5 6 7 8 9 10 11 | 11.0
Translocations | 1 2 3 4 5 6 7 8 9 10 11 | 11.0
Transmutations | 1 2 3 4 5 6 7 8 9 10 11 | 11.0
Fire Magic     | 1 2 3 4 5 6 7 8 9 10 11 | 11.0
Ice Magic      | 1 2 3 4 5 6 7 8 9 10 11 | 11.0
Air Magic      | 1 2 3 4 5 6 7 8 9 10 11 | 11.0
Earth Magic    | 1 2 3 4 5 6 7 8 9 10 11 | 11.0
Poison Magic   | 1 2 3 4 5 6 7 8 9 10 11 | 11.0
Evocations     | 3 4 5 6 7 8 9 10 11 12 13 | 13.1
Short Blades   | 5 6 7 8 9 10 11 12 13 | 13.5

Action                   |  1- 3 |  4- 6 |  7- 9 | 10-12 | 13-15 | 16-18 | 19-21 || total
-------------------------+-------+-------+-------+-------+-------+-------+-------++-------
Melee: Short sword       |   107 |   169 |       |       |       |       |       ||   276
       Bite              |     9 |    19 |    83 |   189 |   358 |   392 |    63 ||  1113
       Punch             |       |     1 |     9 |    41 |    21 |       |       ||    72
       Dagger            |       |    42 |   216 |       |       |       |       ||   258
       Spear             |       |       |   241 |   744 |  1214 |  1010 |       ||  3209
       Great mace        |       |       |       |       |   182 |     4 |       ||   186
       Staff             |       |       |       |       |       |    46 |       ||    46
       Broad axe         |       |       |       |       |       |   643 |   283 ||   926
Invok: Slouch            |       |       |       |     1 |    14 |    21 |     7 ||    43
       Step From Time    |       |       |       |       |       |     1 |     1 ||     2
Evoke: Wand              |       |     4 |    13 |     6 |    14 |    20 |     4 ||    61
  Use: Scroll            |       |       |    18 |     1 |    13 |    17 |     2 ||    51
       Potion            |       |       |       |     3 |     1 |     4 |     2 ||    10
 Stab: Sleeping          |     2 |     3 |       |       |       |       |       ||     5
       Paralysed         |       |     4 |       |     3 |    14 |       |       ||    21
       Distracted        |       |       |       |     1 |     3 |     4 |     1 ||     9
       Confused          |       |       |       |       |       |     2 |       ||     2
  Eat: Chunk             |     2 |     5 |     6 |     9 |    17 |     8 |       ||    47
       Ration            |       |     1 |       |       |     2 |     6 |     1 ||    10
Armor: Robe              |    19 |     6 |       |       |       |       |       ||    25
       Chain mail        |       |    83 |   200 |       |       |       |       ||   283
       Plate armour      |       |       |    14 |   230 |   380 |   624 |    88 ||  1336
       Skin              |       |       |       |    11 |       |       |       ||    11
Dodge: Dodged            |    63 |    66 |   255 |   435 |   960 |   897 |   115 ||  2791
Block: Other             |       |       |    13 |       |       |       |       ||    13
       Buckler           |       |       |       |       |   355 |   353 |       ||   708
       Large shield      |       |       |       |       |       |  1335 |   408 ||  1743
       Reflection        |       |       |       |       |       |   155 |    74 ||   229

Table legend:
 A = Spawn XP
 B = Non-spawn XP
 C = Spawn XP percentage of total XP
 D = Spawn monster count
 E = Non-spawn monster count
 F = Spawn count percentage of total count
 G = Total turns spent on level
                    A         B        C        D         E        F      G
               +---------+---------+-------+---------+---------+-------+---------
         Total |       0 |  387668 |   0.0 |       0 |    1255 |   0.0 | 34119
               +---------+---------+-------+---------+---------+-------+---------
           D:1 |       0 |      47 |   0.0 |       0 |      25 |   0.0 |  1069
           D:2 |       0 |      36 |   0.0 |       0 |      14 |   0.0 |   781
           D:3 |       0 |     403 |   0.0 |       0 |      43 |   0.0 |  1021
           D:4 |       0 |     155 |   0.0 |       0 |      15 |   0.0 |   837
           D:5 |       0 |     413 |   0.0 |       0 |      15 |   0.0 |   571
           D:6 |       0 |    1317 |   0.0 |       0 |      19 |   0.0 |   587
           D:7 |       0 |    1286 |   0.0 |       0 |      26 |   0.0 |  1171
           D:8 |       0 |    2671 |   0.0 |       0 |      28 |   0.0 |  1065
           D:9 |       0 |    5247 |   0.0 |       0 |      48 |   0.0 |  1221
          D:10 |       0 |    2342 |   0.0 |       0 |      27 |   0.0 |   819
          D:11 |       0 |    4928 |   0.0 |       0 |      28 |   0.0 |  1080
          D:12 |       0 |    9063 |   0.0 |       0 |      40 |   0.0 |   923
          D:13 |       0 |    6150 |   0.0 |       0 |      28 |   0.0 |  1064
          D:14 |       0 |    9752 |   0.0 |       0 |      30 |   0.0 |   971
          D:15 |       0 |   16754 |   0.0 |       0 |      44 |   0.0 |  1330
        Temple |       0 |     152 |   0.0 |       0 |       7 |   0.0 |   365
        Lair:1 |       0 |    6112 |   0.0 |       0 |      25 |   0.0 |  1109
        Lair:2 |       0 |    9221 |   0.0 |       0 |      40 |   0.0 |  1696
        Lair:3 |       0 |    3065 |   0.0 |       0 |       8 |   0.0 |   676
        Lair:4 |       0 |    7856 |   0.0 |       0 |      29 |   0.0 |   926
        Lair:5 |       0 |    8104 |   0.0 |       0 |      17 |   0.0 |   910
        Lair:6 |       0 |   18455 |   0.0 |       0 |      92 |   0.0 |  1263
       Swamp:1 |       0 |    7064 |   0.0 |       0 |      23 |   0.0 |   928
       Swamp:2 |       0 |   17736 |   0.0 |       0 |      42 |   0.0 |   989
       Swamp:3 |       0 |   15462 |   0.0 |       0 |      36 |   0.0 |  1249
       Swamp:4 |       0 |   27223 |   0.0 |       0 |      48 |   0.0 |  1033
       Snake:1 |       0 |   30733 |   0.0 |       0 |      62 |   0.0 |  1379
       Snake:2 |       0 |   23078 |   0.0 |       0 |      39 |   0.0 |  1529
       Snake:3 |       0 |   17835 |   0.0 |       0 |      38 |   0.0 |   774
       Snake:4 |       0 |   83500 |   0.0 |       0 |     128 |   0.0 |  2617
         Orc:1 |       0 |    1694 |   0.0 |       0 |      31 |   0.0 |   403
         Orc:2 |       0 |   21297 |   0.0 |       0 |     114 |   0.0 |  1209
      Depths:1 |       0 |   28259 |   0.0 |       0 |      30 |   0.0 |   299
       Ossuary |       0 |     258 |   0.0 |       0 |      16 |   0.0 |   255
               +---------+---------+-------+---------+---------+-------+---------
